 Dungeon Crawl Stone Soup version 0.29.0-4-gdea44cf6ec (webtiles) character file.

Game seed: 12008561400921812948

37 qw the Chopper (level 3, 0/21 HPs)
             Began as a Tengu Warper on Aug 28, 2022.
             Killed from afar by Sigmund (6 damage)
             ... with a magic dart
             ... on level 2 of the Dungeon.
             The game lasted 00:00:07 (1264 turns).

qw the Chopper (Tengu Warper)                       Turns: 1264, Time: 00:00:07

Health: 0/21       AC:  5    Str: 13    XL:     3   Next: 39%
Magic:  7/7        EV: 11    Int: 13    God:
Gold:   61         SH:  0    Dex: 13    Spells: 6/6 levels left

rFire   . . .      SeeInvis .   Y - +0 hand axe
rCold   . . .      Faith    .   (no shield)
rNeg    . . .      Spirit   .   g - +0 ring mail
rPois   .          Reflect  .   (helmet restricted)
rElec   .          Harm     .   (no cloak)
rCorr   .          Rampage  .   (no gloves)
Will    .....                   (boots unavailable)
Stlth   +.........              (no amulet)
HPRegen 0.07/turn               (no ring)
MPRegen 0.10/turn               (no ring)

@: no status effects
A: beak, talons 3
a: no special abilities


You were on level 2 of the Dungeon.
You visited 1 branch of the dungeon, and saw 2 of its levels.

You collected 61 gold pieces.


Innate Abilities, Weirdness & Mutations

You have a beak for a mouth.
You have claws for feet.


   Skills:
 - Level 2.0 Fighting
 + Level 4.1 Axes
 - Level 1.0 Throwing
 - Level 1.1 Armour
 - Level 2.1 Dodging
 - Level 2.0 Spellcasting
 - Level 2.4 Translocations


You had 6 spell levels left.
You didn't know any spells.
Your spell library contained the following spells:

 Spells                   Type           Power      Damage    Failure   Level
 Blink                    Tloc           14%        N/A       30%         2
 Gell's Gravitas          Tloc           7%         N/A       52%         3
 Lesser Beckoning         Tloc           7%         N/A       52%         3
 Teleport Other           Tloc           7%         N/A       52%         3
 Manifold Assault         Tloc           7%         N/A       99%         5

Inventory:

Hand Weapons
 j - a +0 club
 Y - a +0 hand axe (weapon)
Armour
 g - a +0 ring mail (worn)
Potions
 d - a potion of magic {unknown}
 f - a potion of heal wounds {unknown}
 h - a potion of attraction {unknown}
 k - 2 potions of brilliance {unknown}

Dungeon Overview and Level Annotations

Branches:
Dungeon (2/15)

Altars:

Annotations:
D:2 Sigmund


Message History

You hit the ball python.
You kill the ball python!
You barely miss the kobold. You hit Sigmund but do no damage.
The kobold hits you but does no damage. Sigmund barely misses you.
You hit Sigmund. Your kick misses Sigmund. You peck Sigmund, but do no damage.
Sigmund is moderately wounded.
You hit the kobold but do no damage. The kobold hits you but does no damage.
Sigmund hits you with a +0 scythe!
You hit Sigmund but do no damage. You claw Sigmund.
Sigmund is heavily wounded.
You hit the kobold but do no damage. The kobold misses you.
You hit Sigmund. Your kick misses Sigmund.
Sigmund is heavily wounded.
You hit the kobold but do no damage. The kobold hits you with a +0 club.
Sigmund hits you but does no damage.
You closely miss Sigmund. You claw Sigmund.
Sigmund is severely wounded.
You hit the kobold but do no damage. The kobold hits you but does no damage.
Sigmund barely misses you. The kobold closely misses you.
You closely miss Sigmund. You claw Sigmund. Your peck misses Sigmund.
Sigmund is severely wounded.
You hit the kobold. The kobold barely misses you. Sigmund casts a spell at you.
The puff of flame misses you.
You barely miss Sigmund. You peck Sigmund, but do no damage.
Sigmund is severely wounded.
You hit the kobold but do no damage. The kobold hits you with a +0 club.
Sigmund barely misses you.
You closely miss Sigmund. Your kick misses Sigmund.
Sigmund is severely wounded.
You hit the kobold.
You kill the kobold!
You hit Sigmund.
Sigmund is almost dead.
Sigmund casts a spell at you. The magic dart hits you.
You die...

.....####. #.. ......
#.# #...# # #.# #...#
#.# #.###...###...#
#.............# ..
#.............. .#
####......@@...#
.######....###..)###.#
.#.........# #...#
.#.####....# #...#
.#.# ####.........
.#.# ##.....###K .#.#
....## . ...# #....#
.### #....


You could see Sigmund.

Vanquished Creatures
  3 bats (D:1)
  4 endoplasms
  3 giant cockroaches
  3 goblins (D:1)
  6 hobgoblins
  2 jackals (D:1)
  2 kobolds
  A quokka (D:1)
  4 ball pythons
  A frilled lizard (D:1)
  A rat (D:1)
30 creatures vanquished.

Notes
Turn   | Place    | Note
-------+----------+-------------------------------------------
     0 | D:1      | qw the Tengu Warper began the quest for the Orb.
     0 | D:1      | Reached XP level 1. HP: 12/12 MP: 4/4
     0 | D:1      | 0 ||| qw: Version: 0.1-a-89-g26bdef1
     0 | D:1      | 0 ||| qw: Game counter: 1843
     0 | D:1      | 0 ||| qw: Always use a shield: true
     0 | D:1      | 0 ||| qw: God list: Okawaru
     0 | D:1      | 0 ||| qw: Allow faded altars: false
     0 | D:1      | 0 ||| qw: Do Orc after D:15 true
     0 | D:1      | 0 ||| qw: Do second Lair branch before Depths: true
     0 | D:1      | 0 ||| qw: Lair rune preference: random
     0 | D:1      | 0 ||| qw: Plans: Normal
     0 | D:1      | 0 ||| PLANNING D:1-11
    53 | D:1      | 53 ||| Stepping ~*~*~tactically~*~*~ (stealth).
   234 | D:1      | Reached XP level 2. HP: 16/17 MP: 6/6
   245 | D:1      | Reached skill level 3 in Axes
   615 | D:1      | Reached XP level 3. HP: 21/21 MP: 7/7
   989 | D:1      | Reached skill level 4 in Axes
  1051 | D:1      | 1051 ||| UPGRADING to +0 ring mail.
  1061 | D:1      | 1061 ||| DROPPING +0 leather armour.
  1062 | D:1      | 1062 ||| READING scroll labelled SEJAH TYREL.
  1063 | D:1      | 1063 ||| READING scroll labelled XEVARR FEAT.
  1064 | D:1      | 1064 ||| DRINKING 2 bubbling ruby potions.
  1113 | D:1      | 1113 ||| DROPPING scroll of blinking.
  1114 | D:1      | 1114 ||| DROPPING potion of lignification.
  1250 | D:2      | Noticed Sigmund
  1264 | D:2      | Killed from afar by Sigmund

Levels and vault maps discovered:
D:1:      dpeg_arrival_another_circle, layout_basic
D:2:      layout_loops_cross, hellmonk_ecumenical_altar_prayer_group,
          minmay_misc_feat_cross, st_stairs_14, uniq_sigmund

Skill      XL: |  1  2  3 |
---------------+----------+-----
Axes           | 3 4 |  4.1
Fighting       | |  2.0
Throwing       | |  1.0
Armour         | |  1.1
Dodging        | |  2.1
Spellcasting   | |  2.0
Translocations | |  2.4

Action                   || total
-------------------------++-------
Melee: Hand axe          ||    67
       Kick              ||    17
       Peck              ||    12
Throw: Boomerang         ||     7
  Use: Scroll            ||     2
       Potion            ||     1
Armor: Leather armour    ||    16
       Ring mail         ||     6
Dodge: Dodged            ||    42

Table legend:
 A = Non-vault XP
 B = Vault XP
 C = Vault XP percentage of total XP
 D = Non-vault monster count
 E = Vault monster count
 F = Vault count percentage of total count
                 A         B        C        D         E       F
            +---------+---------+-------+---------+---------+-------
      Total |      53 |       0 |   0.0 |      30 |       0 |   0.0
            +---------+---------+-------+---------+---------+-------
        D:1 |      45 |       0 |   0.0 |      25 |       0 |   0.0
        D:2 |       8 |       0 |   0.0 |       5 |       0 |   0.0
            +---------+---------+-------+---------+---------+-------
